[ AOE2 MATCH · #475714778 ]
Team RMTeutons vs Franks
[ REPLAY ANALYSIS · EXTRACTED FROM THE RECORDED GAME ]
Feudal
13:11
Castle
26:41
Imperial
49:37
| APM avg | 26.3 |
| APM peak | 90 |
| eAPM avg | 22.6 |
| Villagers / military | 168 / 344 |
Focus
⚔️ 44.8% · 🌾 55.2%
Spearman ×135 · Scorpion ×54 · Teutonic Knight ×46 · Scout Cavalry ×30 · Archer ×27 · Militia ×18
Feudal
11:58
Castle
20:23
Imperial
39:10
| APM avg | 23.4 |
| APM peak | 66 |
| eAPM avg | 15.6 |
| Villagers / military | 117 / 303 |
Focus
⚔️ 47.2% · 🌾 52.8%
Knight ×191 · Throwing Axeman ×100 · Scout Cavalry ×5 · Spearman ×3 · Trebuchet (Packed) ×3 · Petard ×1
Feudal
10:52
Castle
18:25
Imperial
43:37
| APM avg | 23.2 |
| APM peak | 64 |
| eAPM avg | 15.3 |
| Villagers / military | 164 / 261 |
Focus
⚔️ 45.8% · 🌾 54.2%
Spearman ×164 · Unknown (1911) ×77 · Fire Lancer ×54 · Steppe Lancer ×26 · Scorpion ×10 · Bombard Cannon ×4
Feudal
—
Castle
—
Imperial
—
| APM avg | 20.3 |
| APM peak | 63 |
| eAPM avg | 12.8 |
| Villagers / military | 200 / 413 |
Focus
⚔️ 38.4% · 🌾 61.6%
Militia ×223 · Spearman ×131 · Konnik ×34 · Battering Ram ×18 · Mangonel ×7
Feudal
—
Castle
—
Imperial
—
| APM avg | 11.4 |
| APM peak | 50 |
| eAPM avg | 9.0 |
| Villagers / military | 186 / 358 |
Focus
⚔️ 26.3% · 🌾 73.7%
Hand Cannoneer ×190 · Camel Scout ×143 · Bombard Cannon ×18 · Armored Elephant ×4 · Monk ×3
Feudal
12:06
Castle
32:19
Imperial
50:22
| APM avg | 37.3 |
| APM peak | 106 |
| eAPM avg | 18.4 |
| Villagers / military | 135 / 548 |
Focus
⚔️ 57.6% · 🌾 42.4%
Spearman ×378 · Knight ×135 · Militia ×26 · Scout Cavalry ×7 · Trebuchet (Packed) ×2
Match map
Initial resources + every placement click. Lines = walls · curves = elevation contours. ◆ gold · ⬟ stone · ● berries · ✦ relic · ◌ wall gap
Your base· Open — 5t gap
the image ruiner's base· Open — 7t gap
NO ME LLAMO DARIO's base· Open — 10t gap
Reaper20131's base· Open — 11t gap
E1jefe28's base· Open — 4t gap
EL SANTO PADRE's base· Open — unwalled flank
Smoothed initial terrain · ◌ = detected wall gap · hover for details
Inputs per minute
— EL PADRE SANTO - - the image ruiner
Build order — EL PADRE SANTO
First 150 of 720 actions detected
| 0:40 | Build | Town Center |
| 1:44 | Build | House |
| 1:45 | Build | House |
| 1:46 | Build | House |
| 1:48 | Research | Loom |
| 1:48 | Create | Villager (Male) |
| 1:48 | Create | Villager (Male) |
| 1:49 | Create | Villager (Male) |
| 1:49 | Create | Villager (Male) |
| 1:49 | Create | Villager (Male) |
| 2:55 | Create | Villager (Male) |
| 3:03 | Build | House |
| 3:43 | Create | Villager (Male) |
| 3:43 | Create | Villager (Male) |
| 4:06 | Create | Villager (Male) |
| 4:06 | Create | Villager (Male) |
| 4:25 | Create | Villager (Male) |
| 4:25 | Create | Villager (Male) |
| 4:40 | Create | Villager (Male) |
| 4:41 | Create | Villager (Male) |
| 5:14 | Create | Villager (Male) |
| 5:14 | Create | Villager (Male) |
| 5:44 | Build | Mill |
| 5:54 | Create | Villager (Male) |
| 5:54 | Create | Villager (Male) |
| 5:54 | Create | Villager (Male) |
| 6:14 | Create | Villager (Male) |
| 6:27 | Create | Villager (Male) |
| 6:27 | Create | Villager (Male) |
| 7:03 | Build | Lumber Camp |
| 7:06 | Create | Villager (Male) |
| 7:06 | Create | Villager (Male) |
| 7:39 | Create | Villager (Male) |
| 7:39 | Create | Villager (Male) |
| 7:39 | Create | Villager (Male) |
| 7:39 | Create | Villager (Male) |
| 8:20 | Build | Mill |
| 8:21 | Create | Villager (Male) |
| 8:21 | Create | Villager (Male) |
| 8:35 | Build | Mining Camp |
| 10:55 | Build | Barracks |
| 11:01 | Research | Feudal Age |
| 11:40 | Create | Militia |
| 11:40 | Create | Militia |
| 11:41 | Create | Militia |
| 13:11 | Age | Feudal Age |
| 13:26 | Build | Mill |
| 13:30 | Research | Man-at-Arms (upgrade) |
| 13:37 | Build | Stable |
| 13:38 | Create | Villager (Male) |
| 13:39 | Create | Villager (Male) |
| 13:39 | Create | Villager (Male) |
| 14:45 | Build | Blacksmith |
| 14:46 | Research | Bloodlines |
| 14:47 | Create | Villager (Male) |
| 14:47 | Create | Villager (Male) |
| 15:40 | Build | House |
| 15:42 | Build | House |
| 15:43 | Build | House |
| 15:45 | Create | Scout Cavalry |
| 15:46 | Create | Scout Cavalry |
| 15:58 | Create | Scout Cavalry |
| 15:58 | Create | Scout Cavalry |
| 15:58 | Create | Scout Cavalry |
| 16:15 | Create | Villager (Male) |
| 16:16 | Create | Villager (Male) |
| 16:54 | Create | Scout Cavalry |
| 16:54 | Create | Scout Cavalry |
| 16:54 | Create | Scout Cavalry |
| 17:24 | Create | Spearman |
| 17:24 | Create | Spearman |
| 17:24 | Create | Spearman |
| 17:35 | Build | Farm |
| 17:36 | Build | Farm |
| 18:00 | Create | Spearman |
| 18:00 | Create | Spearman |
| 18:00 | Create | Spearman |
| 18:00 | Create | Spearman |
| 18:01 | Create | Spearman |
| 18:01 | Create | Spearman |
| 18:01 | Create | Spearman |
| 18:08 | Create | Villager (Male) |
| 18:09 | Create | Villager (Male) |
| 18:45 | Build | Farm |
| 18:47 | Build | Farm |
| 18:47 | Build | Farm |
| 18:48 | Build | Farm |
| 18:49 | Build | Farm |
| 19:15 | Research | Scale Barding Armor |
| 19:27 | Create | Villager (Male) |
| 19:27 | Create | Villager (Male) |
| 19:27 | Create | Villager (Male) |
| 19:46 | Build | Farm |
| 19:48 | Build | Farm |
| 20:12 | Build | Farm |
| 20:12 | Build | Farm |
| 20:13 | Build | Farm |
| 20:13 | Build | Farm |
| 20:14 | Build | Farm |
| 20:18 | Build | Farm |
| 20:51 | Research | Forging |
| 20:51 | Create | Villager (Male) |
| 20:52 | Create | Villager (Male) |
| 20:52 | Create | Villager (Male) |
| 20:52 | Create | Villager (Male) |
| 20:58 | Build | Farm |
| 21:20 | Build | Farm |
| 21:54 | Build | Farm |
| 23:14 | Build | Market |
| 24:01 | Research | Castle Age |
| 24:10 | Build | Archery Range |
| 24:14 | Research | Fletching |
| 24:35 | Research | Horse Collar |
| 25:10 | Research | Double-Bit Axe |
| 25:13 | Research | Padded Archer Armor |
| 25:22 | Create | Archer |
| 25:22 | Create | Archer |
| 25:22 | Create | Archer |
| 25:23 | Create | Archer |
| 25:23 | Create | Skirmisher |
| 25:23 | Create | Skirmisher |
| 25:24 | Create | Skirmisher |
| 25:58 | Create | Militia |
| 25:58 | Create | Militia |
| 25:58 | Create | Militia |
| 25:58 | Create | Militia |
| 25:58 | Create | Militia |
| 26:03 | Create | Villager (Male) |
| 26:21 | Research | Arson |
| 26:34 | Create | Villager (Male) |
| 26:34 | Create | Villager (Male) |
| 26:41 | Age | Castle Age |
| 26:46 | Research | Elite Skirmisher (upgrade) |
| 26:46 | Create | Cavalry Archer |
| 26:46 | Create | Cavalry Archer |
| 26:47 | Create | Cavalry Archer |
| 26:47 | Create | Cavalry Archer |
| 26:51 | Create | Villager (Male) |
| 26:52 | Create | Villager (Male) |
| 27:06 | Create | Villager (Male) |
| 27:06 | Create | Villager (Male) |
| 27:12 | Research | Gambesons |
| 27:25 | Build | Castle |
| 27:33 | Build | Stone Wall |
| 27:52 | Create | Villager (Male) |
| 27:52 | Create | Villager (Male) |
| 27:52 | Create | Villager (Male) |
| 27:52 | Create | Villager (Male) |
| 28:22 | Research | Long Swordsman (upgrade) |
| 28:22 | Research | Squires |
Build order — the image ruiner
First 150 of 638 actions detected
| 0:18 | Build | Town Center |
| 1:26 | Create | Villager (Male) |
| 1:26 | Create | Villager (Male) |
| 1:28 | Create | Villager (Male) |
| 2:00 | Build | Lumber Camp |
| 2:10 | Create | Villager (Male) |
| 2:11 | Create | Villager (Male) |
| 3:09 | Create | Villager (Male) |
| 4:00 | Build | House |
| 4:02 | Build | House |
| 4:17 | Create | Villager (Male) |
| 4:18 | Create | Villager (Male) |
| 4:19 | Create | Villager (Male) |
| 4:28 | Build | Mill |
| 5:33 | Create | Villager (Male) |
| 5:35 | Create | Villager (Male) |
| 5:36 | Create | Villager (Male) |
| 5:47 | Create | Villager (Male) |
| 6:15 | Create | Villager (Male) |
| 6:47 | Create | Villager (Male) |
| 6:50 | Create | Villager (Male) |
| 7:16 | Create | Villager (Male) |
| 7:55 | Build | Lumber Camp |
| 8:07 | Create | Villager (Male) |
| 8:08 | Create | Villager (Male) |
| 9:35 | Create | Villager (Male) |
| 9:48 | Research | Feudal Age |
| 10:02 | Research | Loom |
| 10:33 | Build | Barracks |
| 10:55 | Build | Farm |
| 10:55 | Build | Farm |
| 10:56 | Build | Farm |
| 11:05 | Create | Villager (Male) |
| 11:13 | Build | Mining Camp |
| 11:42 | Create | Villager (Male) |
| 11:51 | Build | House |
| 11:54 | Build | House |
| 11:58 | Age | Feudal Age |
| 12:12 | Build | Palisade Wall |
| 12:15 | Build | Palisade Wall |
| 12:17 | Create | Villager (Male) |
| 12:26 | Build | Blacksmith |
| 12:50 | Build | Palisade Wall |
| 12:57 | Build | Farm |
| 13:02 | Create | Villager (Male) |
| 13:03 | Create | Villager (Male) |
| 13:42 | Build | Farm |
| 13:47 | Create | Villager (Male) |
| 13:50 | Build | Farm |
| 13:53 | Build | Farm |
| 13:57 | Build | Farm |
| 14:00 | Build | Farm |
| 14:04 | Build | Farm |
| 14:23 | Create | Villager (Male) |
| 14:59 | Build | Stable |
| 15:30 | Build | Mining Camp |
| 15:36 | Build | Farm |
| 15:36 | Build | Farm |
| 15:36 | Build | Farm |
| 15:37 | Build | Farm |
| 15:38 | Build | Farm |
| 15:42 | Create | Villager (Male) |
| 15:43 | Create | Villager (Male) |
| 16:18 | Create | Villager (Male) |
| 16:28 | Create | Spearman |
| 16:32 | Create | Spearman |
| 16:32 | Create | Spearman |
| 16:34 | Create | Scout Cavalry |
| 16:35 | Create | Scout Cavalry |
| 16:35 | Create | Scout Cavalry |
| 16:35 | Create | Scout Cavalry |
| 16:37 | Create | Scout Cavalry |
| 17:10 | Build | House |
| 17:43 | Research | Castle Age |
| 18:58 | Create | Villager (Male) |
| 19:00 | Create | Villager (Male) |
| 20:06 | Create | Villager (Male) |
| 20:19 | Build | House |
| 20:21 | Build | House |
| 20:23 | Age | Castle Age |
| 20:28 | Create | Knight |
| 20:29 | Create | Knight |
| 20:29 | Create | Knight |
| 20:41 | Create | Villager (Male) |
| 21:02 | Build | Stable |
| 21:19 | Build | Town Center |
| 21:28 | Create | Villager (Male) |
| 21:39 | Build | Town Center |
| 21:57 | Create | Knight |
| 21:57 | Create | Knight |
| 21:58 | Create | Knight |
| 21:59 | Create | Knight |
| 22:03 | Build | Farm |
| 22:03 | Build | Farm |
| 22:03 | Build | Farm |
| 22:04 | Build | Farm |
| 22:14 | Build | Stone Wall |
| 22:28 | Create | Knight |
| 22:28 | Create | Knight |
| 22:28 | Create | Knight |
| 22:29 | Create | Knight |
| 22:29 | Create | Knight |
| 22:42 | Create | Villager (Male) |
| 22:42 | Create | Villager (Male) |
| 22:42 | Create | Villager (Male) |
| 22:42 | Create | Villager (Male) |
| 22:49 | Build | Mining Camp |
| 23:11 | Build | Stone Wall |
| 23:40 | Build | Watch Tower |
| 24:34 | Build | Stone Wall |
| 24:48 | Create | Villager (Male) |
| 24:48 | Create | Villager (Male) |
| 25:19 | Create | Villager (Male) |
| 25:19 | Create | Villager (Male) |
| 25:19 | Create | Villager (Male) |
| 25:19 | Create | Villager (Male) |
| 25:20 | Create | Villager (Male) |
| 26:08 | Create | Villager (Male) |
| 26:08 | Create | Villager (Male) |
| 26:08 | Create | Villager (Male) |
| 26:09 | Create | Villager (Male) |
| 26:09 | Create | Villager (Male) |
| 26:09 | Create | Villager (Male) |
| 26:38 | Build | Gate |
| 26:41 | Build | Stone Wall |
| 26:49 | Build | House |
| 26:51 | Build | House |
| 26:52 | Build | House |
| 26:53 | Build | House |
| 27:19 | Build | Stone Wall |
| 27:35 | Create | Villager (Male) |
| 27:36 | Create | Villager (Male) |
| 27:40 | Create | Knight |
| 27:40 | Create | Knight |
| 27:40 | Create | Knight |
| 27:41 | Create | Knight |
| 27:41 | Create | Knight |
| 27:41 | Create | Knight |
| 28:18 | Create | Villager (Male) |
| 28:23 | Build | Farm |
| 28:23 | Build | Farm |
| 28:23 | Build | Farm |
| 28:23 | Build | Farm |
| 28:24 | Build | Farm |
| 28:24 | Build | Farm |
| 28:24 | Build | Farm |
| 28:25 | Build | Farm |
| 28:25 | Build | Farm |
| 28:30 | Build | Farm |
| 28:31 | Build | Farm |
Build order — NO ME LLAMO DARIO
First 150 of 861 actions detected
| 0:20 | Build | Town Center |
| 0:35 | Build | House |
| 1:53 | Create | Villager (Male) |
| 1:53 | Create | Villager (Male) |
| 1:54 | Create | Villager (Male) |
| 1:54 | Create | Villager (Male) |
| 1:54 | Create | Villager (Male) |
| 1:54 | Create | Villager (Male) |
| 3:00 | Build | Lumber Camp |
| 3:05 | Create | Villager (Male) |
| 3:05 | Create | Villager (Male) |
| 3:06 | Create | Villager (Male) |
| 3:15 | Create | Villager (Male) |
| 3:15 | Create | Villager (Male) |
| 3:15 | Create | Villager (Male) |
| 3:15 | Create | Villager (Male) |
| 3:57 | Create | Villager (Male) |
| 3:57 | Create | Villager (Male) |
| 3:58 | Create | Villager (Male) |
| 5:22 | Create | Villager (Male) |
| 5:23 | Create | Villager (Male) |
| 5:23 | Create | Villager (Male) |
| 5:23 | Create | Villager (Male) |
| 5:23 | Create | Villager (Male) |
| 5:26 | Research | Loom |
| 5:53 | Create | Villager (Male) |
| 5:53 | Create | Villager (Male) |
| 5:54 | Create | Villager (Male) |
| 5:54 | Create | Villager (Male) |
| 5:54 | Create | Villager (Male) |
| 5:54 | Create | Villager (Male) |
| 5:54 | Create | Villager (Male) |
| 5:59 | Research | Loom |
| 6:13 | Build | Mill |
| 7:04 | Create | Villager (Male) |
| 7:10 | Research | Loom |
| 7:44 | Build | Mining Camp |
| 7:59 | Build | Barracks |
| 8:27 | Research | Feudal Age |
| 8:36 | Build | House |
| 9:20 | Build | House |
| 10:10 | Build | House |
| 10:27 | Create | Villager (Male) |
| 10:28 | Create | Villager (Male) |
| 10:28 | Create | Villager (Male) |
| 10:52 | Age | Feudal Age |
| 11:04 | Build | Stable |
| 11:12 | Research | Wheelbarrow |
| 11:12 | Research | Town Watch |
| 11:47 | Build | Blacksmith |
| 12:46 | Build | Mill |
| 13:04 | Research | Double-Bit Axe |
| 13:54 | Build | Stable |
| 14:45 | Create | Villager (Male) |
| 14:58 | Build | House |
| 15:08 | Build | Mining Camp |
| 15:45 | Research | Castle Age |
| 16:30 | Research | Scale Barding Armor |
| 16:37 | Create | Spearman |
| 16:37 | Create | Spearman |
| 16:37 | Create | Spearman |
| 16:38 | Create | Spearman |
| 17:00 | Build | Farm |
| 17:00 | Build | Farm |
| 17:01 | Build | Farm |
| 17:01 | Build | Farm |
| 17:01 | Build | Farm |
| 17:01 | Build | Farm |
| 17:01 | Build | Farm |
| 17:01 | Build | Farm |
| 17:02 | Build | Farm |
| 17:02 | Build | Farm |
| 17:19 | Build | Mill |
| 17:38 | Build | Farm |
| 17:44 | Research | Bloodlines |
| 18:25 | Create | Spearman |
| 18:25 | Create | Spearman |
| 18:25 | Age | Castle Age |
| 18:25 | Create | Spearman |
| 18:26 | Create | Spearman |
| 18:45 | Create | Spearman |
| 18:46 | Create | Spearman |
| 18:46 | Create | Spearman |
| 19:50 | Create | Spearman |
| 19:50 | Create | Spearman |
| 19:50 | Create | Spearman |
| 19:57 | Create | Steppe Lancer |
| 19:57 | Create | Steppe Lancer |
| 19:59 | Create | Steppe Lancer |
| 19:59 | Create | Steppe Lancer |
| 20:33 | Create | Steppe Lancer |
| 20:33 | Create | Steppe Lancer |
| 20:33 | Create | Steppe Lancer |
| 20:33 | Create | Steppe Lancer |
| 21:02 | Create | Villager (Male) |
| 21:02 | Create | Villager (Male) |
| 21:02 | Create | Villager (Male) |
| 21:02 | Create | Villager (Male) |
| 21:02 | Create | Villager (Male) |
| 21:29 | Build | Mill |
| 21:45 | Build | Mill |
| 22:02 | Research | Forging |
| 22:53 | Build | Town Center |
| 22:59 | Create | Villager (Male) |
| 22:59 | Create | Villager (Male) |
| 22:59 | Create | Villager (Male) |
| 23:00 | Create | Villager (Male) |
| 23:00 | Create | Villager (Male) |
| 23:16 | Research | Iron Casting |
| 23:43 | Create | Villager (Male) |
| 23:43 | Create | Villager (Male) |
| 23:43 | Create | Villager (Male) |
| 24:08 | Create | Villager (Male) |
| 24:08 | Create | Villager (Male) |
| 24:08 | Create | Villager (Male) |
| 24:49 | Create | Villager (Male) |
| 24:49 | Create | Villager (Male) |
| 24:49 | Create | Villager (Male) |
| 24:55 | Build | Farm |
| 24:55 | Build | Farm |
| 24:55 | Build | Farm |
| 24:55 | Build | Farm |
| 24:55 | Build | Farm |
| 24:55 | Build | Farm |
| 24:56 | Build | Farm |
| 24:56 | Build | Farm |
| 24:56 | Build | Farm |
| 24:56 | Build | Farm |
| 24:56 | Build | Farm |
| 25:43 | Create | Steppe Lancer |
| 25:44 | Create | Steppe Lancer |
| 25:44 | Create | Steppe Lancer |
| 25:44 | Create | Steppe Lancer |
| 26:31 | Build | Farm |
| 27:04 | Research | Hand Cart |
| 27:24 | Build | Farm |
| 27:24 | Build | Farm |
| 27:24 | Build | Farm |
| 27:24 | Build | Farm |
| 27:24 | Build | Farm |
| 27:24 | Build | Farm |
| 27:25 | Build | Farm |
| 27:25 | Build | Farm |
| 27:25 | Build | Farm |
| 27:32 | Research | Chain Barding Armor |
| 27:36 | Create | Steppe Lancer |
| 27:36 | Create | Steppe Lancer |
| 27:43 | Create | Villager (Male) |
| 27:43 | Create | Villager (Male) |
| 27:43 | Create | Villager (Male) |
Build order — Reaper20131
First 150 of 638 actions detected
| 0:07 | Build | Town Center |
| 1:08 | Create | Villager (Male) |
| 1:08 | Create | Villager (Male) |
| 1:09 | Create | Villager (Male) |
| 1:27 | Create | Villager (Male) |
| 1:27 | Research | Loom |
| 1:55 | Create | Villager (Male) |
| 3:08 | Create | Villager (Male) |
| 3:09 | Create | Villager (Male) |
| 3:44 | Build | Lumber Camp |
| 3:49 | Create | Villager (Male) |
| 4:21 | Build | Mill |
| 4:33 | Create | Villager (Male) |
| 4:55 | Create | Villager (Male) |
| 4:55 | Create | Villager (Male) |
| 5:23 | Create | Villager (Male) |
| 6:04 | Create | Villager (Male) |
| 6:20 | Create | Villager (Male) |
| 6:47 | Build | House |
| 6:56 | Build | House |
| 7:01 | Build | Barracks |
| 7:08 | Create | Villager (Male) |
| 7:40 | Create | Villager (Male) |
| 8:15 | Create | Villager (Male) |
| 8:38 | Create | Villager (Male) |
| 9:07 | Create | Villager (Male) |
| 9:18 | Build | House |
| 9:20 | Build | House |
| 9:26 | Build | House |
| 9:35 | Create | Villager (Male) |
| 10:02 | Create | Villager (Male) |
| 10:13 | Research | Feudal Age |
| 11:04 | Create | Militia |
| 11:04 | Create | Militia |
| 11:30 | Build | Mill |
| 11:51 | Create | Militia |
| 11:52 | Create | Militia |
| 12:42 | Create | Militia |
| 12:42 | Create | Militia |
| 13:00 | Create | Villager (Male) |
| 13:01 | Create | Villager (Male) |
| 13:01 | Create | Villager (Male) |
| 13:23 | Build | Stable |
| 13:29 | Build | Blacksmith |
| 14:00 | Create | Militia |
| 14:00 | Create | Militia |
| 14:00 | Create | Militia |
| 14:16 | Create | Militia |
| 14:16 | Create | Militia |
| 14:16 | Create | Militia |
| 14:23 | Build | Barracks |
| 14:34 | Build | Archery Range |
| 14:57 | Build | Watch Tower |
| 15:13 | Create | Villager (Male) |
| 15:14 | Create | Villager (Male) |
| 15:56 | Create | Spearman |
| 15:56 | Create | Spearman |
| 15:56 | Create | Spearman |
| 15:56 | Create | Spearman |
| 16:14 | Research | Arson |
| 16:17 | Create | Militia |
| 16:18 | Create | Militia |
| 16:18 | Create | Militia |
| 16:18 | Create | Militia |
| 16:45 | Create | Villager (Male) |
| 16:45 | Create | Villager (Male) |
| 16:46 | Create | Villager (Male) |
| 16:54 | Build | House |
| 17:22 | Build | House |
| 17:24 | Build | House |
| 17:26 | Build | House |
| 17:26 | Build | House |
| 17:26 | Build | House |
| 17:26 | Build | House |
| 18:07 | Build | Mill |
| 18:11 | Create | Villager (Male) |
| 18:11 | Create | Villager (Male) |
| 18:34 | Create | Militia |
| 18:34 | Create | Militia |
| 18:34 | Create | Militia |
| 18:34 | Create | Militia |
| 18:34 | Create | Militia |
| 18:35 | Create | Militia |
| 18:36 | Create | Spearman |
| 18:36 | Create | Spearman |
| 18:36 | Create | Spearman |
| 18:36 | Create | Spearman |
| 18:37 | Create | Spearman |
| 19:43 | Create | Villager (Male) |
| 19:43 | Create | Villager (Male) |
| 19:51 | Research | Forging |
| 20:36 | Create | Villager (Male) |
| 20:36 | Create | Villager (Male) |
| 20:37 | Create | Villager (Male) |
| 21:51 | Create | Villager (Male) |
| 22:26 | Build | Mill |
| 22:54 | Research | Castle Age |
| 24:03 | Create | Villager (Male) |
| 24:03 | Create | Villager (Male) |
| 24:03 | Create | Villager (Male) |
| 24:33 | Create | Militia ×5 |
| 24:33 | Create | Militia ×5 |
| 24:33 | Create | Militia ×5 |
| 24:33 | Create | Militia |
| 24:46 | Build | Farm |
| 24:47 | Build | Farm |
| 24:47 | Build | Farm |
| 24:48 | Build | Farm |
| 24:48 | Build | Farm |
| 24:48 | Build | Farm |
| 24:48 | Build | Farm |
| 24:48 | Build | Farm |
| 24:49 | Build | Farm |
| 24:53 | Research | Scale Mail Armor |
| 25:21 | Create | Militia |
| 25:21 | Create | Militia |
| 26:17 | Create | Militia |
| 26:18 | Create | Militia |
| 26:30 | Build | Farm |
| 26:30 | Build | Farm |
| 26:30 | Build | Farm |
| 26:30 | Build | Farm |
| 26:45 | Research | Squires |
| 26:45 | Research | Gambesons |
| 26:47 | Research | Pikeman (upgrade) |
| 27:05 | Build | Town Center |
| 27:28 | Create | Villager (Male) |
| 27:29 | Create | Villager (Male) |
| 27:29 | Create | Villager (Male) |
| 27:50 | Build | House |
| 27:52 | Build | House |
| 27:52 | Build | House |
| 27:53 | Build | House |
| 28:03 | Build | House |
| 28:04 | Build | House |
| 28:04 | Build | House |
| 28:05 | Build | House |
| 28:08 | Create | Villager (Male) |
| 28:08 | Create | Villager (Male) |
| 28:19 | Build | Farm |
| 28:19 | Build | Farm |
| 28:19 | Build | Farm |
| 28:20 | Build | Farm |
| 28:24 | Create | Villager (Male) |
| 28:24 | Create | Villager (Male) |
| 28:24 | Create | Villager (Male) |
| 28:24 | Create | Villager (Male) |
| 28:24 | Create | Villager (Male) |
| 28:37 | Research | Chain Mail Armor |
| 29:04 | Build | Mill |
Build order — E1jefe28
First 150 of 393 actions detected
| 0:08 | Build | Town Center |
| 1:13 | Create | Villager (Male) |
| 1:13 | Create | Villager (Male) |
| 1:13 | Create | Villager (Male) |
| 1:13 | Create | Villager (Male) |
| 1:52 | Create | Villager (Male) |
| 1:52 | Create | Villager (Male) |
| 2:33 | Build | Lumber Camp |
| 2:43 | Create | Villager (Male) |
| 2:43 | Create | Villager (Male) |
| 2:44 | Create | Villager (Male) |
| 3:25 | Create | Villager (Male) |
| 3:25 | Create | Villager (Male) |
| 3:52 | Build | Mill |
| 4:00 | Create | Villager (Male) |
| 4:00 | Create | Villager (Male) |
| 4:00 | Create | Villager (Male) |
| 4:18 | Create | Villager (Male) |
| 5:06 | Create | Villager (Male) |
| 5:07 | Create | Villager (Male) |
| 5:07 | Create | Villager (Male) |
| 5:27 | Build | House |
| 5:30 | Build | House |
| 5:56 | Create | Villager (Male) |
| 7:11 | Build | Barracks |
| 7:25 | Create | Villager (Male) |
| 8:12 | Research | Feudal Age |
| 8:19 | Build | Mining Camp |
| 10:20 | Create | Villager (Male) |
| 10:20 | Create | Villager (Male) |
| 10:20 | Create | Villager (Male) |
| 10:21 | Create | Villager (Male) |
| 10:21 | Create | Villager (Male) |
| 10:35 | Build | Stable |
| 11:26 | Build | Blacksmith |
| 11:35 | Build | Mining Camp |
| 12:36 | Create | Villager (Male) |
| 13:07 | Build | House |
| 13:11 | Build | House |
| 13:17 | Build | House |
| 13:28 | Research | Castle Age |
| 13:55 | Research | Double-Bit Axe |
| 13:55 | Research | Double-Bit Axe |
| 14:20 | Build | Stable |
| 14:54 | Research | Horse Collar |
| 15:33 | Create | Villager (Male) |
| 15:34 | Create | Villager (Male) |
| 16:11 | Create | Camel Scout ×3 |
| 16:39 | Build | Town Center |
| 16:43 | Create | Villager (Male) |
| 16:52 | Create | Camel Scout ×2 |
| 17:23 | Build | Mill |
| 17:34 | Create | Villager (Male) |
| 17:34 | Create | Villager (Male) |
| 17:34 | Create | Villager (Male) |
| 18:18 | Create | Villager (Male) |
| 18:32 | Build | Farm |
| 18:56 | Create | Villager (Male) ×2 |
| 18:59 | Build | Farm |
| 19:20 | Create | Villager (Male) |
| 19:36 | Create | Villager (Male) ×3 |
| 19:51 | Build | Farm |
| 20:12 | Create | Villager (Male) ×4 |
| 20:55 | Create | Camel Scout ×2 |
| 20:55 | Create | Camel Scout ×2 |
| 21:13 | Create | Villager (Male) |
| 21:18 | Build | House |
| 21:20 | Build | House |
| 21:21 | Build | House |
| 21:22 | Build | House |
| 22:12 | Build | Castle |
| 22:20 | Build | Mill |
| 22:33 | Create | Camel Scout ×3 |
| 22:33 | Create | Camel Scout ×3 |
| 22:48 | Build | Lumber Camp |
| 22:58 | Create | Villager (Male) |
| 23:02 | Create | Villager (Male) |
| 23:29 | Build | Farm |
| 23:33 | Build | Farm |
| 24:04 | Create | Villager (Male) ×2 |
| 24:04 | Create | Villager (Male) ×2 |
| 24:28 | Create | Villager (Male) |
| 24:43 | Create | Villager (Male) |
| 24:44 | Create | Villager (Male) |
| 25:00 | Build | Market |
| 25:08 | Create | Villager (Male) ×3 |
| 25:08 | Create | Villager (Male) ×3 |
| 25:30 | Create | Villager (Male) ×3 |
| 25:44 | Build | Siege Workshop |
| 25:51 | Build | Siege Workshop |
| 26:13 | Research | Heavy Plow |
| 26:17 | Create | Villager (Male) |
| 26:31 | Create | Villager (Male) |
| 26:49 | Research | Bow Saw |
| 26:52 | Build | Farm |
| 27:02 | Build | Mill |
| 27:07 | Build | Farm |
| 27:14 | Create | Villager (Male) ×5 |
| 27:31 | Build | Farm |
| 27:37 | Build | Farm |
| 28:11 | Build | Farm |
| 28:15 | Build | Farm |
| 28:20 | Create | Armored Elephant |
| 28:26 | Create | Villager (Male) ×3 |
| 28:26 | Create | Villager (Male) ×3 |
| 28:47 | Create | Camel Scout |
| 29:19 | Build | Farm |
| 29:26 | Create | Villager (Male) ×5 |
| 29:26 | Create | Villager (Male) ×2 |
| 29:58 | Build | Town Center |
| 30:09 | Create | Armored Elephant |
| 30:09 | Create | Armored Elephant |
| 30:09 | Create | Armored Elephant |
| 30:31 | Create | Villager (Male) ×4 |
| 31:08 | Research | Bloodlines |
| 31:27 | Create | Camel Scout |
| 31:33 | Create | Villager (Male) |
| 31:39 | Build | Farm |
| 31:43 | Build | Farm |
| 31:47 | Create | Villager (Male) ×3 |
| 32:01 | Build | Farm |
| 32:05 | Build | Farm |
| 32:16 | Create | Camel Scout ×2 |
| 32:22 | Build | Farm |
| 32:31 | Create | Villager (Male) ×2 |
| 32:33 | Create | Villager (Male) |
| 33:11 | Create | Camel Scout ×4 |
| 33:17 | Create | Villager (Male) |
| 33:25 | Create | Villager (Male) |
| 33:28 | Create | Villager (Male) |
| 33:28 | Create | Villager (Male) |
| 33:58 | Create | Villager (Male) ×5 |
| 34:41 | Create | Camel Scout ×4 |
| 34:41 | Create | Camel Scout ×4 |
| 35:25 | Build | Castle |
| 35:46 | Create | Villager (Male) |
| 35:47 | Create | Villager (Male) |
| 35:47 | Create | Villager (Male) |
| 35:47 | Create | Villager (Male) |
| 35:47 | Create | Villager (Male) |
| 35:48 | Create | Villager (Male) |
| 35:48 | Create | Villager (Male) |
| 35:48 | Create | Villager (Male) |
| 36:06 | Create | Camel Scout ×3 |
| 36:42 | Build | Farm |
| 36:49 | Build | Farm |
| 36:52 | Build | Farm |
| 36:56 | Create | Villager (Male) |
| 36:56 | Create | Villager (Male) |
| 36:57 | Create | Villager (Male) |
Build order — EL SANTO PADRE
First 150 of 824 actions detected
| 0:17 | Build | Town Center |
| 0:21 | Build | House |
| 0:23 | Build | House |
| 0:26 | Build | House |
| 1:33 | Create | Villager (Male) |
| 1:33 | Create | Villager (Male) |
| 1:33 | Create | Villager (Male) |
| 1:33 | Create | Villager (Male) |
| 1:34 | Create | Villager (Male) |
| 1:35 | Research | Loom |
| 2:15 | Create | Villager (Male) |
| 2:16 | Create | Villager (Male) |
| 3:14 | Create | Villager (Male) |
| 3:14 | Create | Villager (Male) |
| 3:15 | Create | Villager (Male) |
| 3:59 | Create | Villager (Male) |
| 3:59 | Create | Villager (Male) |
| 4:00 | Create | Villager (Male) |
| 4:09 | Build | Lumber Camp |
| 4:26 | Create | Villager (Male) |
| 4:26 | Create | Villager (Male) |
| 4:34 | Create | Villager (Male) |
| 4:35 | Create | Villager (Male) |
| 4:49 | Create | Villager (Male) |
| 4:49 | Create | Villager (Male) |
| 5:32 | Create | Villager (Male) |
| 5:32 | Create | Villager (Male) |
| 5:56 | Create | Villager (Male) |
| 5:56 | Create | Villager (Male) |
| 6:31 | Build | Mill |
| 6:50 | Create | Villager (Male) |
| 6:50 | Create | Villager (Male) |
| 6:50 | Create | Villager (Male) |
| 7:50 | Build | Barracks |
| 8:44 | Build | Farm |
| 8:47 | Build | Farm |
| 8:51 | Build | Farm |
| 9:17 | Build | Farm |
| 9:28 | Build | Farm |
| 9:44 | Build | Farm |
| 9:56 | Research | Feudal Age |
| 10:11 | Build | Farm |
| 10:31 | Create | Militia |
| 10:31 | Create | Militia |
| 10:51 | Build | Mining Camp |
| 10:56 | Create | Militia |
| 10:57 | Create | Militia |
| 11:19 | Build | Farm |
| 11:28 | Create | Militia |
| 11:29 | Create | Militia |
| 11:29 | Create | Militia |
| 11:40 | Create | Villager (Male) |
| 11:40 | Create | Villager (Male) |
| 11:48 | Create | Villager (Male) |
| 11:49 | Create | Villager (Male) |
| 12:06 | Age | Feudal Age |
| 12:15 | Create | Spearman |
| 12:15 | Create | Spearman |
| 12:16 | Create | Spearman |
| 12:37 | Research | Man-at-Arms (upgrade) |
| 12:45 | Build | Stable |
| 12:49 | Create | Villager (Male) |
| 12:49 | Create | Villager (Male) |
| 13:28 | Create | Villager (Male) |
| 13:28 | Create | Villager (Male) |
| 13:29 | Create | Villager (Male) |
| 13:52 | Create | Militia |
| 13:52 | Create | Militia |
| 14:08 | Build | Blacksmith |
| 14:30 | Build | Farm |
| 14:33 | Build | Farm |
| 14:40 | Build | Farm |
| 14:46 | Create | Scout Cavalry |
| 14:47 | Create | Scout Cavalry |
| 14:47 | Create | Scout Cavalry |
| 14:56 | Create | Spearman |
| 14:56 | Create | Spearman |
| 15:09 | Build | Mining Camp |
| 15:18 | Build | House |
| 15:18 | Build | House |
| 15:19 | Build | House |
| 15:26 | Create | Spearman |
| 15:27 | Create | Spearman |
| 15:34 | Create | Villager (Male) |
| 15:42 | Create | Spearman |
| 16:12 | Build | Watch Tower |
| 16:19 | Create | Villager (Male) |
| 16:19 | Create | Villager (Male) |
| 16:19 | Create | Villager (Male) |
| 18:13 | Create | Scout Cavalry |
| 18:14 | Create | Scout Cavalry |
| 18:14 | Create | Scout Cavalry |
| 18:14 | Create | Scout Cavalry |
| 18:44 | Research | Scale Mail Armor |
| 18:57 | Create | Militia |
| 19:09 | Build | Watch Tower |
| 19:15 | Create | Militia |
| 19:16 | Create | Militia |
| 19:37 | Create | Militia |
| 19:37 | Create | Militia |
| 19:37 | Create | Militia |
| 20:02 | Build | Barracks |
| 22:05 | Build | Watch Tower |
| 22:16 | Research | Forging |
| 22:19 | Create | Militia |
| 22:19 | Create | Militia |
| 22:19 | Create | Militia |
| 22:20 | Create | Militia |
| 22:20 | Create | Militia |
| 22:20 | Create | Militia |
| 22:21 | Create | Militia |
| 22:21 | Create | Militia |
| 22:21 | Create | Militia |
| 22:21 | Create | Militia |
| 22:22 | Create | Militia |
| 23:34 | Build | House |
| 23:35 | Build | House |
| 23:35 | Build | House |
| 23:36 | Build | House |
| 23:37 | Build | House |
| 23:39 | Build | House |
| 25:20 | Create | Villager (Male) |
| 25:20 | Create | Villager (Male) |
| 25:21 | Create | Villager (Male) |
| 25:21 | Create | Villager (Male) |
| 25:21 | Create | Villager (Male) |
| 25:22 | Create | Villager (Male) |
| 25:22 | Create | Villager (Male) |
| 25:22 | Create | Villager (Male) |
| 26:53 | Build | Farm |
| 28:11 | Build | Stable |
| 28:19 | Research | Double-Bit Axe |
| 28:49 | Build | Blacksmith |
| 29:39 | Research | Castle Age |
| 29:46 | Build | Mining Camp |
| 30:13 | Build | Stone Wall |
| 30:49 | Research | Scale Barding Armor |
| 31:01 | Create | Villager (Male) |
| 31:02 | Create | Villager (Male) |
| 31:02 | Create | Villager (Male) |
| 31:10 | Build | Farm |
| 31:39 | Create | Villager (Male) |
| 31:39 | Create | Villager (Male) |
| 31:39 | Create | Villager (Male) |
| 32:08 | Build | Stable |
| 32:19 | Age | Castle Age |
| 33:04 | Create | Knight |
| 33:04 | Create | Knight |
| 33:07 | Create | Spearman |
| 33:07 | Create | Spearman |
Match timeline
| 7:01 | Reaper20131 · first_building Barracks |
| 7:11 | E1jefe28 · first_building Barracks |
| 7:50 | EL SANTO PADRE · first_building Barracks |
| 7:59 | NO ME LLAMO DARIO · first_building Barracks |
| 10:33 | the image ruiner · first_building Barracks |
| 10:35 | E1jefe28 · first_building Stable |
| 10:52 | NO ME LLAMO DARIO · age_up feudal |
| 10:55 | EL PADRE SANTO · first_building Barracks |
| 11:04 | NO ME LLAMO DARIO · first_building Stable |
| 11:58 | the image ruiner · age_up feudal |
| 12:06 | EL SANTO PADRE · age_up feudal |
| 12:12 | the image ruiner · wall_segment Palisade Wall x12 |
| 12:15 | the image ruiner · wall_segment Palisade Wall x6 |
| 12:45 | EL SANTO PADRE · first_building Stable |
| 12:50 | the image ruiner · wall_segment Palisade Wall x6 |
| 13:11 | EL PADRE SANTO · age_up feudal |
| 13:23 | Reaper20131 · first_building Stable |
| 13:37 | EL PADRE SANTO · first_building Stable |
| 14:34 | Reaper20131 · first_building Archery Range |
| 14:59 | the image ruiner · first_building Stable |
| 18:25 | NO ME LLAMO DARIO · age_up castle |
| 20:23 | the image ruiner · age_up castle |
| 22:12 | E1jefe28 · first_building Castle |
| 22:14 | the image ruiner · wall_segment Stone Wall x1 |
| 23:11 | the image ruiner · wall_segment Stone Wall x7 |
| 24:10 | EL PADRE SANTO · first_building Archery Range |
| 24:34 | the image ruiner · wall_segment Stone Wall x9 |
| 25:44 | E1jefe28 · first_building Siege Workshop |
| 26:14 | EL PADRE SANTO · first_market_buy 100 stone |
| 26:41 | the image ruiner · wall_segment Stone Wall x1 |
| 26:41 | EL PADRE SANTO · age_up castle |
| 26:44 | E1jefe28 · first_market_buy 100 food |
| 27:19 | the image ruiner · wall_segment Stone Wall x10 |
| 27:25 | EL PADRE SANTO · first_building Castle |
| 27:33 | EL PADRE SANTO · wall_segment Stone Wall x5 |
| 29:23 | EL PADRE SANTO · first_market_sell 100 wood |
| 29:35 | EL PADRE SANTO · first_building Siege Workshop |
| 30:13 | EL SANTO PADRE · wall_segment Stone Wall x11 |
| 30:36 | the image ruiner · wall_segment Stone Wall x8 |
| 31:19 | the image ruiner · first_building Castle |
| 32:19 | EL SANTO PADRE · age_up castle |
| 33:06 | the image ruiner · first_building Monastery |
| 33:50 | NO ME LLAMO DARIO · first_building Castle |
| 34:12 | Reaper20131 · first_building Siege Workshop |
| 34:20 | NO ME LLAMO DARIO · first_building Archery Range |
| 36:27 | EL SANTO PADRE · first_building Castle |
| 39:10 | the image ruiner · age_up imperial |
| 40:22 | NO ME LLAMO DARIO · first_building Monastery |
| 42:03 | E1jefe28 · first_building Archery Range |
| 42:08 | Reaper20131 · first_building Castle |
| 43:37 | NO ME LLAMO DARIO · age_up imperial |
| 45:06 | EL PADRE SANTO · first_building Monastery |
| 45:51 | E1jefe28 · first_building Monastery |
| 46:50 | E1jefe28 · first_market_sell 500 stone |
| 47:38 | the image ruiner · wall_segment Stone Wall x5 |
| 49:37 | EL PADRE SANTO · age_up imperial |
| 49:40 | Reaper20131 · first_building Krepost |
| 50:22 | EL SANTO PADRE · age_up imperial |
| 56:57 | NO ME LLAMO DARIO · first_building Siege Workshop |
| 64:42 | EL PADRE SANTO · wall_segment Stone Wall x10 |
| 68:20 | the image ruiner · first_market_sell 500 wood |
| 70:06 | NO ME LLAMO DARIO · wall_segment Palisade Wall x3 |
| 74:10 | EL PADRE SANTO · wall_segment Stone Wall x16 |
| 78:22 | EL PADRE SANTO · wall_segment Stone Wall x7 |
| 79:01 | EL SANTO PADRE · resign |
[ AI ANALYSIS · 1 CREDIT ]
What really happened in this match?
Wolo.gg analyzes every decision: build order, eco, micro, common mistakes by bracket. Personalized analysis on WhatsApp or Discord in 30 seconds.
Civ guide
Teutons
Map guide
Steppe
Perfil
Jugador #12029607